 Dungeon Crawl Stone Soup version 0.30.0-18-gc0e69614cb (webtiles) character file.

Game seed: 11800314758221051262

67 melkoren the Chopper (level 3, 0/33 HPs)
             Began as a Minotaur Berserker on May 25, 2023.
             Was a Believer of Trog.
             Slain by a gnoll
             ... wielding a +0 whip
              (9 damage)
             ... on level 3 of the Dungeon.
             The game lasted 00:04:32 (1929 turns).

melkoren the Chopper (Minotaur Berserker)           Turns: 1929, Time: 00:04:33

Health: 0/33       AC:  3    Str: 21    XL:     3   Next: 98%
Magic:  2/2        EV: 12    Int: 10    God:    Trog [**....]
Gold:   29         SH:  0    Dex: 11    Spells: 2/2 levels left

rFire   . . .        k - +0 war axe
rCold   . . .        (no shield)
rNeg    . . .        b - +0 animal skin
rPois   .            (helmet restricted)
rElec   .            i - +0 cloak
rCorr   .            (no gloves)
SInv    .            (no boots)
Will    .....        (no amulet)
Stlth   +            h - +6 ring of intelligence
HPRegen 0.25/turn    (no ring)
MPRegen 0.08/turn

%: no passive effects
@: no status effects
A: horns 2, retaliatory headbutt
a: Renounce Religion, Berserk, Trog's Hand


You were on level 3 of the Dungeon.
You worshipped Trog.
Trog was pleased with you.
You visited 1 branch of the dungeon, and saw 3 of its levels.

You collected 29 gold pieces.

Inventory:

Hand Weapons
 a - a +0 hand axe
 k - a +0 war axe (weapon)
Missiles
 j - 11 stones (quivered)
Armour
 b - a +0 animal skin (worn)
 i - a +0 cloak (worn)
Jewellery
 h - a +6 ring of intelligence (left hand)
Scrolls
 d - a scroll of identify
 e - a scroll of immolation
 f - a scroll of blinking


   Skills:
 + Level 4.1 Fighting
 * Level 4.4 Axes
 + Level 0.6 Throwing
 + Level 3.2 Armour
 + Level 2.9 Dodging


You had 2 spell levels left.
You didn't know any spells.
Your spell library was empty.

Dungeon Overview and Level Annotations

Branches:
Dungeon (3/15)

Altars:

Shops:
D:1 (![?(


Innate Abilities, Weirdness & Mutations

You have a pair of horns on your head.
You reflexively headbutt those who attack you in melee.


Message History

You kill the frilled lizard!
Trog accepts your kill.
You see here a frilled lizard corpse.
You hear the slow rusting of a very distant drain.
HP restored.
Things that are here:
a +0 dagger; a +0 sling; an adder corpse
Found a leather armour.
You open the door.
A gnoll comes into view. It is wielding a +0 club.
Found a grey potion.
There is an open door here.
A gnoll is nearby!
A gnoll comes into view. It is wielding a +0 whip.
An adder and a gnoll come into view.
The adder hisses angrily.
The gnoll shouts! x2
The gnoll hits you with a +0 club.
You barely miss the gnoll. The gnoll closely misses you.
You slash the gnoll!
The gnoll is severely wounded.
The gnoll hits you with a +0 club.
You barely miss the gnoll. Your headbutt misses the gnoll.
The gnoll is severely wounded.
The gnoll hits you with a +0 club. x2; The gnoll barely misses you.
You closely miss the gnoll.
The gnoll is severely wounded.
You hit the gnoll. The gnoll hits you with a +0 club!
The gnoll closely misses you.
You are too injured to fight recklessly!
You are too injured to fight recklessly!
Unknown command.
You are too injured to fight recklessly!
The gnoll attacks as you move away! The gnoll hits you with a +0 club.
* * * LOW HITPOINT WARNING * * *
The adder barely misses you. The gnoll attacks as you move away!
The gnoll barely misses you.
You closely miss the adder. You completely miss the gnoll. The adder bites you.
* * * LOW HITPOINT WARNING * * *
The gnoll hits you with a +0 whip!
You die...

#......[......... .
................
..###..#.#.........
.#).................!
.#.##...............
#.....#.............
#..#................
#.###..#.##.##.#'######
#..[...#.#.....#@########
##.<.†#..####gS.......
#....†)....##gg.......
#..........##.........
#..........##.........
#...........#.........
#...........#.........
#...........#.........
#...........#.........


You could see 3 gnolls and an adder.

Vanquished Creatures
  2 adders
  A dart slug (D:1)
  2 bats
  6 endoplasms
  2 giant cockroaches (D:1)
  4 goblins
  6 hobgoblins
  6 jackals
  3 ball pythons
  A frilled lizard (D:3)
  5 kobolds
  5 rats
43 creatures vanquished.

Notes
Turn   | Place    | Note
-------+----------+-------------------------------------------
     0 | D:1      | melkoren the Minotaur Berserker began the quest for the
                  | Orb.
     0 | D:1      | Reached XP level 1. HP: 19/19 MP: 0/0
    28 | D:1      | Found Poorruod's Armour Emporium.
    42 | D:1      | Found Xoshisch's Distillery.
    86 | D:1      | Found a faded altar of an unknown god.
    95 | D:1      | Reached XP level 2. HP: 25/27 MP: 1/1
   183 | D:1      | Found Coemumit's Antique Weapon Shoppe.
   291 | D:1      | Found Fadghyi's Antique Weapon Boutique.
   450 | D:1      | Found Ighah's Magic Scroll Emporium.
   485 | D:1      | Reached XP level 3. HP: 33/33 MP: 2/2
   826 | D:2      | Reached ** piety under Trog
  1929 | D:3      | Slain by a gnoll

Illustrated notes

Levels and vault maps discovered:
D:1:      onia_arrival_pyramid, layout_rooms, serial_shops, nicolae_shop_trees,
          nicolae_shop_real_fake_doors, shop, nicolae_shop_tiny_statue_garden,
          nicolae_diamond_shop, chequers_ecumenical_altar_simple_redux,
          item_on_display_a
D:2:      wander_river, layout_basic
D:3:      layout_basic, gammafunk_temple_overflow_statue,
          cheibrodos_sewer_entry_bend, uniq_terence

Skill      XL: |  1  2 |
---------------+-------+-----
Fighting       | 4 |  4.1
Axes           | 4 |  4.4
Armour         | 3 |  3.2
Throwing       | |  0.6
Dodging        | |  2.9

Action                     || total
---------------------------++-------
  Melee: Hand axe          ||    59
         Headbutt          ||    10
         War axe           ||    13
  Throw: Stone             ||    10
    Use: Scroll            ||     6
         Potion            ||     3
   Stab: Sleeping          ||     1
 Armour: Animal skin       ||    17
  Dodge: Dodged            ||    56
